 Dungeon Crawl Stone Soup version 0.31-a0-1540-g5a0b83f448 (webtiles) character file.

Game seed: 11074467135860085638

354 browni3141 the Ruffian (level 6, -5/36 (46) HPs)
             Began as a Formicid Shapeshifter on Jan 1, 2024.
             Slain by Sigmund
             ... wielding a +2 scythe of draining
              (10 damage)
             ... on level 4 of the Dungeon.
             The game lasted 00:04:33 (2993 turns).

browni3141 the Ruffian (Formicid Shapeshifter)      Turns: 2993, Time: 00:04:34

HP:   -5/36 (46)    AC:  6    Str: 24    XL:     6   Next: 95%
MP:   6/6           EV: 11    Int: 10    God:
Gold: 194           SH:  0    Dex: 15    Spells: 5/5 levels left

rFire   . .          .
                       - Unarmed
rCold   . . .        (no shield)
rNeg    . . .        n - +0 scale mail
rPois   .            (helmet unavailable)
rElec   .            (cloak currently unavailable)
rCorr   .            (gloves currently unavailable)
SInv    +            (boots currently unavailable)
Will    .....        (no amulet) Stlth
                     g - +6 ring of strength
HPRegen 0.26/turn    (no ring)
MPRegen 0.10/turn

%: no passive effects
@: beast-form, heavily drained
A: beast (slay +2), permanent stasis, dig shafts and tunnels, antennae 3, four
strong arms
a: Dig, Shaft Self, Begin Untransformation


You were on level 4 of the Dungeon.
You were a hulking beast.
You visited 1 branch of the dungeon, and saw 6 of its levels.

You collected 194 gold pieces.

Inventory:

Hand Weapons
 b - a +0 sling
Missiles
 m - 5 poisoned darts (quivered)
Armour
 a - a +0 animal skin
 n - a +0 scale mail (worn)
Jewellery
 g - a +6 ring of strength (left hand)
Talismans
 c - a beast talisman
 d - a flux talisman
Scrolls
 f - a scroll of torment {unknown}
 j - a scroll of enchant weapon {unknown}
 l - 4 scrolls of identify {unknown}
 o - a scroll of fear {unknown}
 r - a scroll of silence {unknown}
Potions
 e - 4 potions of curing {unknown}
 h - 3 potions of degeneration {unknown}
 i - a potion of invisibility {unknown}
 k - a potion of brilliance {unknown}
 p - 2 potions of lignification
 q - a potion of ambrosia {unknown}
 s - a potion of cancellation {unknown}
 t - 2 potions of berserk rage {unknown}


   Skills:
 + Level 2.8 Fighting
 * Level 2.3 Armour
 * Level 3.7 Dodging
 * Level 4.6 Unarmed Combat
 * Level 3.8 Shapeshifting


You had 5 spell levels left.
You didn't know any spells.
Your spell library contained the following spells:

 Spells                   Type           Power      Damage    Failure   Level
 Apportation              Tloc           0%         N/A       67%         1
 Necrotise                Necr           0%         1d4       67%         1
 Slow                     Hex            0%         N/A       67%         1
 Sting                    Conj/Alch      0%         1d3       67%         1
 Summon Small Mammal      Summ           0%         N/A       67%         1
 Jinxbite                 Hex            0%         N/A       80%         2
 Confusing Touch          Hex            0%         N/A       95%         3
 Sigil of Binding         Hex            0%         N/A       95%         3
 Vampiric Draining        Necr           0%         2d6       95%         3
 Alistair's Intoxication  Alch           0%         N/A       100%        5


Dungeon Overview and Level Annotations

Branches:
Dungeon (6/15)
 Temple: D:4-7

Altars:
Hepliaklqana
Kikubaaqudgha
Xom

Annotations:
D:4 exclusion: door, Sigmund


Innate Abilities, Weirdness & Mutations

You are a hulking beast.
Your limbs bulge with bestial killing power. (Slay +2)
You cannot be hasted, slowed, berserked, paralysed or teleported.
You can dig through walls and to a lower floor.
You have a pair of large antennae on your head. (SInv)
Your four strong arms can wield two-handed weapons with a shield.


Message History

Sigmund is lightly wounded.
Sigmund hits you with a +2 scythe of draining.
You feel drained.
You hit Sigmund.
Sigmund is moderately wounded.
Sigmund gestures at you while chanting.
You are confused.
You are too confused!
You are too confused!
You are too confused!
You are too confused!
Sigmund closely misses you.
Sigmund looks more healthy.
You hit Sigmund.
Sigmund is heavily wounded.
Sigmund hits you with a +2 scythe of draining!
You feel drained.
You miss Sigmund.
Sigmund is heavily wounded.
You punch Sigmund! Your punch misses Sigmund.
Sigmund is almost dead.
Sigmund hits you but does no damage.
You feel drained.
You're too confused to move!
Sigmund hits you with a +2 scythe of draining!
* * * LOW HITPOINT WARNING * * *
You feel drained.
* * * LOW HITPOINT WARNING * * *
Unknown command.
Okay, then.
Unknown command.
Unknown command.
You closely miss Sigmund. You punch Sigmund.
Sigmund is almost dead.
You feel less confused.
Unknown command.
You hit Sigmund.
Sigmund is almost dead.
Sigmund hits you with a +2 scythe of draining!
You die...
Sigmund begins carving another notch in his scythe.

.........
#§§§# .......
#§§§# .......
#§§.# .<.....
#####§§§#####
......#
#..§§§§§§...#
....>##
#.8...#..._.#
#.....#
#...........#
..)..#
#####@..#####
...... #h..#
#._.# #..(#
#####


You could see Sigmund (invisible).

Vanquished Creatures
  A scorpion (D:5)
  A howler monkey (D:5)
  A hound (D:5)
  An iguana (D:5)
  3 adders
  8 gnolls
  A shadow imp (D:5)
  2 ufetubi (D:5)
  2 dart slugs (D:1)
  3 ribbon worms
  An orc (D:3)
  7 ball pythons
  5 bats
  6 endoplasms
  5 giant cockroaches
  5 goblins
  4 hobgoblins
  4 jackals (D:1)
  4 kobolds
  2 quokkas (D:1)
  4 rats
70 creatures vanquished.

Notes
Turn   | Place    | Note
-------+----------+-------------------------------------------
     0 | D:1      | browni3141 the Formicid Shapeshifter began the quest for
                  | the Orb.
     0 | D:1      | Reached XP level 1. HP: 15/15 MP: 1/1
   151 | D:1      | Reached XP level 2. HP: 19/21 MP: 2/2
   214 | D:1      | Reached XP level 3. HP: 7/26 MP: 3/3
   832 | D:1      | Reached XP level 4. HP: 13/33 MP: 4/4
   940 | D:1      | Found a faded altar of an unknown god.
  1141 | D:2      | Found an ancient bone altar of Kikubaaqudgha.
  2139 | D:3      | Noticed a black bear
  2153 | D:3      | You fall into a shaft and drop 3 floors!
  2192 | D:5      | Entered Level 5 of the Dungeon
  2257 | D:5      | Reached XP level 5. HP: 38/38 MP: 5/5
  2351 | D:5      | Reached skill level 1 in Armour
  2351 | D:5      | Reached skill level 4 in Unarmed Combat
  2414 | D:5      | Reached XP level 6. HP: 46/46 MP: 6/6
  2479 | D:5      | Found Dusealai's Armour Shop.
  2607 | D:5      | Found a shimmering altar of Xom.
  2974 | D:4      | Found a faded altar of an unknown god.
  2977 | D:4      | Found a hazy altar of Hepliaklqana.
  2977 | D:4      | Noticed Sigmund
  2993 | D:4      | Slain by Sigmund

Illustrated notes

Levels and vault maps discovered:
D:1:      minmay_arrival_shoal_huts, layout_loops_ring,
          dilly_ecumenical_altar_fadedgnrine, minmay_bisected
D:2:      layout_basic, basic_altar
D:3:      layout_basic, serial_shops, shop
D:4:      cheibrodos_greedy_goblins, layout_cave_pools,
          beargit_hepliaklqana_dungeon_heroes, chequers_ossuary_entry_cave,
          nicolae_zig_zag_zippers
D:5:      layout_basic, xom_teletrap_fun, serial_shops, shop
D:6:      layout_rooms, serial_shops, kennysheep_mini_moat, uniq_eustachio

Skill      XL: |  1  2  3  4  5  6 |
---------------+-------------------+-----
Dodging        | 2 3 |  3.7
Fighting       | 2 |  2.8
Armour         | 1 2 |  2.3
Unarmed Combat | 4 |  4.6
Shapeshifting  | |  3.8

Action                     |  1- 3 |  4- 6 || total
---------------------------+-------+-------++-------
  Melee: Unarmed           |    74 |   117 ||   191
         Punch             |     1 |     5 ||     6
   Fire: Sling             |       |    24 ||    24
  Throw: Dart              |       |    10 ||    10
Ability: Shaft Self        |       |     1 ||     1
         Dig               |       |     2 ||     2
    Use: Potion            |       |     1 ||     1
   Stab: Sleeping          |     1 |       ||     1
 Armour: Animal skin       |    44 |     3 ||    47
         Scale mail        |       |    60 ||    60
         Skin              |       |     8 ||     8
  Dodge: Dodged            |    43 |    67 ||   110

Table legend: (Time is in decaauts)
 A = Elapsed time spent in this place.
 B = Non-inter-level travel time spent in this place.
 C = Inter-level travel time spent in this place.
 D = Time resting spent in this place.
 E = Time spent auto-exploring this place.
 F = Levels seen in this place.
 G = Mean time per level.
                   A        B        C        D        E       F      G
               +--------+--------+--------+--------+--------+-----+--------+
         Total |   2990 |   2726 |    264 |     73 |   2000 |   6 |  498.3 |
       Dungeon |   2990 |   2726 |    264 |     73 |   2000 |   6 |  498.3 |
               +--------+--------+--------+--------+--------+-----+--------+

Top non-repeatable levels by time:
     D:1: 1114 daAuts
     D:2: 812 daAuts
     D:5: 603 daAuts
     D:3: 227 daAuts
     D:4: 193 daAuts
     D:6: 38 daAuts
